 Dungeon Crawl Stone Soup version 0.28-a0-732-g75e6d9beac (webtiles) character file.

Game seed: 6089256183820108183

153 Johnny the Slasher (level 5, 0/42 HPs)
             Began as a Human Berserker on Oct 29, 2021.
             Was a Believer of Trog.
             Slain by a goblin (5 damage)
             ... led by Robin
             ... on level 3 of the Dungeon.
             The game lasted 00:01:37 (2541 turns).

Johnny the Slasher (Human Berserker)                Turns: 2541, Time: 00:01:38

Health: 0/42       AC:  4    Str: 18    XL:     5   Next: 61%
Magic:  5/5        EV: 12    Int:  7    God:    Trog [**....]
Gold:   61         SH:  0    Dex: 13    Spells: 4/4 levels left

rFire   . . .      SeeInvis .   a - +0 falchion
rCold   . . .      Faith    .   (no shield)
rNeg    . . .      Spirit   .   b - +0 animal skin
rPois   .          Reflect  .   (no helmet)
rElec   .          Harm     .   q - +0 cloak
rCorr   .          Rampage  .   d - +0 pair of gloves
Will    .....                   (no boots)
Stlth   +.........              (no amulet)
HPRegen 0.14/turn               (no ring)
MPRegen 0.09/turn               (no ring)

@: no status effects
A: no striking features
a: Renounce Religion, Berserk, Trog's Hand


You were on level 3 of the Dungeon.
You worshipped Trog.
Trog was pleased with you.
You visited 1 branch of the dungeon, and saw 3 of its levels.

You collected 61 gold pieces.

Inventory:

Hand Weapons
 a - a +0 falchion (weapon)
Armour
 b - a +0 animal skin (worn)
 d - a +0 pair of gloves (worn)
 q - a +0 cloak (worn)
Jewellery
 p - a +6 ring of dexterity
Wands
 k - a wand of flame (11)
Scrolls
 e - a scroll of amnesia {unknown}
 i - a scroll of teleportation {unknown}
 l - 2 scrolls of identify {unknown}
 n - a scroll of magic mapping {unknown}
 o - a scroll of torment {unknown}
Potions
 c - 2 potions of heal wounds {unknown}
 f - a potion of cancellation {unknown}
 g - 3 potions of curing {unknown}
 h - 4 potions of magic {unknown}
 j - a potion of flight {unknown}
 m - a potion of degeneration {unknown}
 r - a potion of lignification {unknown}


   Skills:
 + Level 4.1 Fighting
 * Level 5.1 Long Blades
 - Level 2.0 Armour
 - Level 2.0 Dodging


You had 4 spell levels left.
You didn't know any spells.
Your spell library was empty.

Dungeon Overview and Level Annotations

Branches:
Dungeon (3/15)

Altars:

Annotations:
D:3 1 runed translucent door, Robin


Message History

Unknown command.
Unknown command.
Unknown command.
Unknown command.
Unknown command.
Unknown command.
Unknown command.
Unknown command.
Unknown command.
Unknown command.
Unknown command.
Unknown command.
Unknown command.
The goblin hits you but does no damage. The hobgoblin completely misses you.
The goblin hits you with a +0 club.
Robin says, "Feeling lonely?"
Robin throws the goblin at you!
Things that are here:
a +0 club; a goblin corpse You hit the goblin.
You kill the goblin!
Trog accepts your kill. The goblin barely misses you.
The hobgoblin barely misses you. The goblin hits you with a +0 dagger.
Unknown command.
The goblin barely misses you. The goblin closely misses you.
Robin throws the goblin at you! The goblin hits you with a +0 dagger.
* * * LOW HITPOINT WARNING * * *
Things that are here:
a +0 dagger; a +0 hunting sling; 23 stones The goblin hits you but does no damage.
The hobgoblin hits you.
* * * LOW HITPOINT WARNING * * *
The goblin barely misses you. x2
There is an escape hatch in the floor here.
The goblin hits you but does no damage. The goblin hits you with a +0 dagger.
* * * LOW HITPOINT WARNING * * *
Robin throws the goblin at you! The hobgoblin hits you.
* * * LOW HITPOINT WARNING * * *
The goblin hits you with a +1 dagger of speed.
You die...

. ### ..# ...# ........ ..#
#..###........####..# ≈.#
)...................#.≈.#
..............##....#.≈.#
..............#..... .≈.#
......##........gg####+###
......##........@gg......#
...............gggrg.....#
......#.)........g.).....###
......##...#.###...g........
#######......# #.#..........
##.........### #.#..........
...####..#... #......#.....
.........###.. #.#....#.....
...####..# #.##.#....# ####


You could see Robin, a quokka, 2 hobgoblins and 7 goblins.

Vanquished Creatures
  An ogre (D:2)
  A worm (D:2)
  2 dart slugs (D:3)
  6 bats
  2 endoplasms
  A giant cockroach (D:1)
  11 goblins
  5 hobgoblins
  4 quokkas (D:1)
  5 ball pythons
  3 frilled lizards
  8 kobolds
  6 rats
55 creatures vanquished.

Notes
Turn   | Place    | Note
-------+----------+-------------------------------------------
     0 | D:1      | Johnny the Human Berserker began the quest for the Orb.
     0 | D:1      | Reached XP level 1. HP: 18/18 MP: 1/1
   256 | D:1      | Reached XP level 2. HP: 5/24 MP: 2/2
   714 | D:1      | Found a faded altar of an unknown god.
  1105 | D:1      | Reached XP level 3. HP: 26/29 MP: 3/3
  1410 | D:2      | Reached ** piety under Trog
  1487 | D:2      | You fall into a shaft and drop 1 floor!
  1560 | D:3      | Reached skill level 4 in Long Blades
  1761 | D:2      | Reached XP level 4. HP: 32/35 MP: 4/4
  1929 | D:2      | Noticed an ogre
  1939 | D:2      | Killed an ogre
  1940 | D:2      | Reached skill level 5 in Long Blades
  1940 | D:2      | Reached XP level 5. HP: 13/42 MP: 5/5
  2527 | D:3      | Found a runed translucent door.
  2529 | D:3      | Noticed Robin
  2541 | D:3      | Slain by a goblin

Illustrated notes

Levels and vault maps discovered:
D:1:      amcnicky_arrival_blooded_trapdoor, layout_loops_cross,
          basic_ecumenical_altar, feat_on_display
D:2:      layout_rooms, minmay_split_cup_large
D:3:      layout_rooms, ebering_ghost_reflecting_pool, uniq_robin

Skill      XL: |  1  2  3  4 |
---------------+-------------+-----
Long Blades    | 4 5 |  5.1
Fighting       | 4 |  4.1
Armour         | |  2.0
Dodging        | |  2.0

Action                   |  1- 3 |  4- 6 || total
-------------------------+-------+-------++-------
Melee: Falchion          |   108 |    38 ||   146
Invok: Berserk           |     2 |     1 ||     3
Armor: Animal skin       |    30 |    22 ||    52
Dodge: Dodged            |    84 |    31 ||   115

Table legend: (Time is in decaauts)
 A = Elapsed time spent in this place.
 B = Non-inter-level travel time spent in this place.
 C = Inter-level travel time spent in this place.
 D = Time resting spent in this place.
 E = Time spent auto-exploring this place.
 F = Levels seen in this place.
 G = Mean time per level.
                   A        B        C        D        E       F      G
               +--------+--------+--------+--------+--------+-----+--------+
         Total |   2588 |   2536 |     52 |    517 |   1641 |   3 |  862.7 |
       Dungeon |   2588 |   2536 |     52 |    517 |   1641 |   3 |  862.7 |
               +--------+--------+--------+--------+--------+-----+--------+

Top non-repeatable levels by time:
     D:1: 1435 daAuts
     D:2: 885 daAuts
     D:3: 267 daAuts
